 Dungeon Crawl Stone Soup version 0.21.1-1-g345015f (webtiles) character file.

64 inc the Vexing (level 3, 0/14 HPs)
             Began as a Felid Enchanter on Feb 21, 2018.
             Slain by a big kobold
             ... wielding a +0 dagger
              (7 damage)
             ... in a sewer.
             The game lasted 00:03:12 (1620 turns).

inc the Vexing (Felid Enchanter)                    Turns: 1620, Time: 00:03:13

Health: 0/14       AC:  1    Str:  4    XL:     3   Next: 91%
Magic:  2/7        EV: 18    Int: 17    God:
Gold:   69         SH:  0    Dex: 16    Spells: 3/6 levels left
                                        Lives:  0   Deaths: 0

rFire    . . .     SeeInvis +     - Unarmed
rCold    . . .     Gourm    .   (shield unavailable)
rNeg     . . .     Faith    .   (armour unavailable)
rPois    .         Spirit   .   (helmet unavailable)
rElec    .         Reflect  .   (cloak unavailable)
rCorr    .         Harm     .   (gloves unavailable)
MR       .....                  (boots unavailable)
Stlth    +++.......             (no amulet)
HPRegen  0.04/turn              (no ring)
MPRegen  0.10/turn              (no ring)

@: very slightly contaminated, quick
A: very small, no armour, no weapons or thrown items, stealth, claws 1, fangs 3,
see invisible, carnivore, speed 1, shaggy fur 1, slow metabolism 1, sharp paws
a: no special abilities


You were in a sewer.
You were full.

You visited 1 branch of the dungeon, and saw 3 of its levels.
You also visited: Sewer.

You collected 69 gold pieces.

Inventory:

Jewellery
 c - a +2 ring of protection {unknown}
Scrolls
 d - a scroll of fear {unknown}
 e - 2 scrolls of remove curse {unknown}
 f - 3 scrolls of identify {unknown}
 g - 2 scrolls of enchant armour {unknown}
 h - a scroll of noise {unknown}
Books
 a - a book of Maledictions

   Spells                             Type                      Level
   a - Corona                         Hexes                        1
   b - Ensorcelled Hibernation        Hexes/Ice                    2
   c - Confuse                        Hexes                        3
   d - Tukima's Dance                 Hexes                        3
   e - Dazzling Spray                 Conjuration/Hexes            3
Comestibles
 b - 6 rations


   Skills:
 - Level 2.6 Dodging
 - Level 4.0 Stealth
 + Level 3.2 Unarmed Combat
 - Level 2.0 Spellcasting
 + Level 4.8 Hexes
 + Level 1.0 Ice Magic


You had 3 spell levels left.
You knew the following spells:

 Your Spells              Type           Power        Failure   Level  Hunger
a - Corona                Hex            ###....      2%          1    #......
b - Ensorcelled Hibernat  Hex/Ice        ##....       9%          2    ###....


Dungeon Overview and Level Annotations

Branches:
Dungeon (4/15)
 Temple: D:4-7

Altars:


Innate Abilities, Weirdness & Mutations

You cannot wear armour.
You are incapable of wielding weapons or throwing items.
Your paws allow you to move quietly. (Stealth)
You have sharp claws.
You have razor-sharp teeth.
You have supernaturally acute eyesight. (SInv)
You are carnivorous and can eat meat at any time.
You cover ground quickly.
You are covered in fur. (AC +1)
You have a slow metabolism.
Your sharp claws are effective at attacking unaware monsters.


Message History

Confirm with . or Enter, or press ? or * to list all spells.
Aiming: Corona
Press: ? - help, Shift-Dir - straight line, f/p - big kobold
Aim: a big kobold, wielding a dagger (moderately wounded, chance to defeat MR: 56%)
Okay, then.
You scratch the big kobold.
The big kobold is moderately wounded.
The big kobold hits you with a dagger.
You miss the big kobold.
The big kobold is moderately wounded.
The big kobold barely misses you.
You scratch the big kobold.
The big kobold is heavily wounded.
The big kobold splashes around in the water.
You scratch the big kobold but do no damage.
You bite the big kobold, but do no damage.
The big kobold is heavily wounded.
The big kobold hits you with a dagger!
Ouch! That really hurt!
You die...

#≈#
#≈#
#≈#
#K#
#K#
#K#
#h#
#K#
#@#
#.#
#.#
#.#
#†#
#.#
#∩#
#.#
#∩#


You could see a big kobold, a jackal and 3 kobolds.

Vanquished Creatures
  2 adders (D:2)
  A river rat (Sewer)
  A leopard gecko (D:1)
  6 bats (D:1)
  4 giant cockroaches
  A goblin (D:1)
  A hobgoblin (D:1)
  6 jackals
  5 frilled lizards
  2 kobolds (D:1)
  8 rats
37 creatures vanquished.

Notes
Turn   | Place    | Note
-------+----------+-------------------------------------------
     0 | D:1      | inc the Felid Enchanter began the quest for the Orb.
     0 | D:1      | Reached XP level 1. HP: 7/7 MP: 4/4
   274 | D:1      | Reached XP level 2. HP: 11/11 MP: 6/6
   278 | D:1      | Learned a level 2 spell: Ensorcelled Hibernation
  1079 | D:2      | Reached XP level 3. HP: 12/14 MP: 7/7
  1451 | D:2      | You fall through a shaft for 2 floors!
  1457 | D:4      | Found a glowing drain.
  1466 | Sewer    | Entered a sewer
  1499 | Sewer    | Reached skill level 1 in Ice Magic
  1573 | Sewer    | Noticed a big kobold
  1620 | Sewer    | Slain by a big kobold

Skill      XL: |  1  2  3 |
---------------+----------+-----
Unarmed Combat | 2 3 |  3.2
Ice Magic      | 1 |  1.0
Dodging        | |  2.6
Stealth        | |  4.0
Spellcasting   | |  2.0
Hexes          | |  4.8

Action                   || total
-------------------------++-------
Melee: Unarmed           ||    98
       Bite              ||     5
       Punch             ||     1
 Cast: Ensorcelled Hiber ||    15
 Stab: Sleeping          ||    20
  Eat: Chunk             ||     7
Armor: Skin              ||     4
Dodge: Dodged            ||    83
